 Dungeon Crawl Stone Soup version 0.25-a0-294-gea9b1ad378 (webtiles) character file.

Game seed: 821755873899978871, levelgen mode: deterministic

3814 MoonlitKnight the Magician (level 10, -1/77 HPs)
             Began as a Gnoll Skald on Dec 15, 2019.
             Was a Priest of Okawaru.
             Killed by the air
             ... invoked by Gastronok
              (14 damage)
             ... on level 8 of the Dungeon.
             The game lasted 00:26:29 (8278 turns).

MoonlitKnight the Magician (Gnoll Skald)            Turns: 8278, Time: 00:26:29

Health: -1/77      AC: 17    Str: 14    XL:     10   Next: 17%
Magic:  18/20      EV: 23    Int: 20    God:    Okawaru [***...]
Gold:   333        SH:  0    Dex: 25    Spells: 12/23 levels left

rFire    . . .     SeeInvis .   a - +2 trident (protect)
rCold    . . .     Gourm    .   (no shield)
rNeg     . . .     Faith    .   w - +2 leather armour {MR+}
rPois    .         Spirit   .   r - +2 helmet
rElec    .         Reflect  .   (no cloak)
rCorr    .         Harm     .   g - +0 pair of gloves
MR       +....                  (no boots)
Stlth    ++++......             (no amulet)
HPRegen  0.22/turn              B - +3 ring of intelligence
MPRegen  0.17/turn              p - +4 ring of dexterity

@: agile, protection aura
A: distributed training, fangs 1, strong nose
a: Heroism, Renounce Religion


You were on level 8 of the Dungeon.
You worshipped Okawaru.
Okawaru was most pleased with you.
You were near starving.

You visited 1 branch of the dungeon, and saw 8 of its levels.

You collected 333 gold pieces.

Inventory:

Hand Weapons
 a - a +2 trident of protection (weapon)
 b - the +9 hand crossbow of the Lumpy Lovers {venom, rF+++ Str-3 Int+2 Stlth+}
   (You found it on level 5 of the Dungeon)

   It poisons the ammo it fires.
   It affects your strength (-3).
   It affects your intelligence (+2).
   It renders you almost immune to fire.
   It makes you more stealthy.
 h - a +0 glaive
 q - a +2 dagger of protection
 y - a +1 rapier of draining
 D - a +4 whip
Missiles
 o - 54 sling bullets
 v - 46 poisoned darts (quivered)
 z - 15 bolts
Armour
 g - a +0 pair of gloves (worn)
 r - a +2 helmet (worn)
 w - a +2 leather armour of magic resistance (worn)
Jewellery
 p - a +4 ring of dexterity (right hand)
 B - a +3 ring of intelligence (left hand)
 E - an uncursed ring of magical power
 G - an uncursed ring of fire {unknown}
Wands
 l - a wand of clouds (3)
 I - a wand of polymorph (7)
Scrolls
 e - 4 scrolls of enchant weapon
 i - 5 scrolls of remove curse
 k - 6 scrolls of identify
 m - a scroll of immolation
 n - 7 scrolls of teleportation
 u - 2 scrolls of fog
Potions
 f - 7 potions of curing
 j - 3 potions of brilliance {unknown}
 s - 2 potions of heal wounds {unknown}
 t - a potion of mutation {unknown}
 x - a potion of berserk rage {unknown}
 A - a potion of cancellation {unknown}
 C - 2 potions of flight {unknown}
 F - a potion of agility
 H - a potion of might {unknown}
Comestibles
 c - 23 chunks of flesh
 d - 13 rations


   Skills:
 + Level 6.8 Fighting
 + Level 4.9 Short Blades
 + Level 4.9 Long Blades
 + Level 4.9 Axes
 + Level 4.9 Maces & Flails
 + Level 6.8 Polearms
 + Level 4.9 Staves
 + Level 4.9 Slings
 + Level 4.9 Bows
 + Level 4.9 Crossbows
 + Level 4.9 Throwing
 + Level 5.6 Armour
 + Level 6.8 Dodging
 + Level 4.9 Stealth
 + Level 4.9 Shields
 + Level 4.9 Unarmed Combat
 + Level 7.1 Spellcasting
 + Level 4.1 Conjurations
 + Level 4.1 Hexes
 + Level 6.9 Charms
 + Level 4.1 Summonings
 + Level 4.1 Necromancy
 + Level 4.1 Translocations
 + Level 4.1 Transmutations
 + Level 4.1 Fire Magic
 + Level 4.1 Ice Magic
 + Level 4.1 Air Magic
 + Level 4.1 Earth Magic
 + Level 4.1 Poison Magic
 + Level 5.4 Invocations
 + Level 4.9 Evocations


You had 12 spell levels left.
You knew the following spells:

 Your Spells              Type           Power        Failure   Level  Hunger
a - Infusion              Chrm           ####         1%          1    None
b - Shroud of Golubria    Chrm/Tloc      ####..       1%          2    None
c - Spectral Weapon       Hex/Chrm       ####....     3%          3    #......
d - Regeneration          Chrm/Necr      ####......   3%          3    #......
e - Song of Slaying       Chrm           ####....     1%          2    None

Your spell library contained the following spells:

 Spells                   Type           Power        Failure   Level  Hunger


Dungeon Overview and Level Annotations

Branches:
Dungeon (8/15)             Temple (0/1) D:7
   Lair: D:8-11

Altars:
Gozag
Kikubaaqudgha
Makhleb
Nemelex Xobeh
Okawaru
Ru
Sif Muna
Trog
Uskayaw
Yredelemnul
Zin
The Shining One

Shops:
D:6 ?

Annotations:
D:7 exclusion: oklob plant
D:8 Gastronok


Innate Abilities, Weirdness & Mutations

Your experience applies equally to all skills.
You have very sharp teeth.
Your uncanny sense of smell can sniff out nearby items.


Message History

Gastronok is heavily wounded.
Your spectral weapon hits Gastronok from afar!
You completely miss Gastronok.
Gastronok is heavily wounded.
Your spectral weapon hits Gastronok.
You hit Gastronok but do no damage. You bite Gastronok, but do no damage.
Gastronok is severely wounded.
Your spectral weapon hits Gastronok.
Gastronok waves his eye-stalks in wide circles.
The air twists around and strikes you!!
* * * LOW HITPOINT WARNING * * *
You hit Gastronok but do no damage.
Gastronok is severely wounded.
Your spectral weapon hits Gastronok!
Okay, then.
You feel agile all of a sudden. The hound zombie misses you.
Gastronok waves his eye-stalks in wide circles.
The air twists around and strikes you!
You die...

.....♣...##))..# ...##
.Z....PP..##....#
.....##..###.....#....##
##........##..........##
#...... #....##.)).Z...#
.......##.....>)..<...##
#....#(..#.###.##.###
#....wZ.##......#...
#...@...##..#.......#
###..)......##.......
#..)...(..# .......
#....(...[.## .....##
............## ......#
.....#####..# ....... .
..... .[.(# .... # .....
...[.# .... .....##


You could see Gastronok, a hound zombie and a friendly spectral +2 trident of
protection.

Vanquished Creatures
  Grinder (D:4)
  Prince Ribbit (D:6)
  Sigmund (D:4)
  Eustachio (D:6)
  A hungry ghost (D:8)
  Edmund (D:6)
  3 orc warriors
  2 ice beasts
  2 phantoms
  4 ogres
  A centaur (D:8)
  4 bullfrogs
  Blork the orc (D:4)
  A scorpion (D:8)
  An electric eel (D:6)
  4 howler monkeys
  3 crimson imps
  3 bullfrog zombies
  2 bullfrog skeletons
  6 orc priests
  2 jellies
  2 iguanas
  6 orc wizards
  6 worker ants
  A hound zombie (D:6)
  A hound skeleton (D:4)
  A howler monkey zombie (D:7)
  Robin (D:2)
  7 gnolls
  A worker ant zombie (D:7)
  6 adders
  3 river rats (D:6)
  2 oozes
  An adder skeleton (D:5)
  5 worms
  3 dart slugs
  8 leopard geckos
  39 orcs
  7 bats
  3 giant cockroaches
  20 goblins
  10 hobgoblins
  A jackal (D:3)
  4 quokkas
  A ball python (D:4)
  4 frilled lizards
  4 kobolds
  A quokka skeleton (D:5)
  A quokka zombie (D:8)
  13 rats
207 creatures vanquished.

Vanquished Creatures (others)
  An orc (D:5)
  3 spectral weapons
4 creatures vanquished.

Grand Total: 211 creatures vanquished

Notes
Turn   | Place    | Note
-------+----------+-------------------------------------------
     0 | D:1      | MoonlitKnight the Gnoll Skald began the quest for the Orb.
     0 | D:1      | Reached XP level 1. HP: 20/20 MP: 6/6
    87 | D:1      | Reached XP level 2. HP: 26/26 MP: 7/7
   428 | D:1      | Learned a level 2 spell: Shroud of Golubria
   475 | D:2      | Reached XP level 3. HP: 30/31 MP: 9/9
   514 | D:2      | Reached skill level 5 in Spellcasting
   713 | D:2      | Found a shimmering blue altar of Sif Muna.
   745 | D:2      | Reached skill level 1 in Invocations
   801 | D:2      | Found a burning altar of Makhleb.
   801 | D:2      | Noticed an Executioner
   815 | D:2      | Found a glowing silver altar of Zin.
   815 | D:2      | Noticed an angel
  1130 | D:2      | Noticed Robin
  1134 | D:2      | Reached skill level 1 in Short Blades
  1134 | D:2      | Reached skill level 1 in Long Blades
  1134 | D:2      | Reached skill level 1 in Axes
  1134 | D:2      | Reached skill level 1 in Maces & Flails
  1134 | D:2      | Reached skill level 1 in Staves
  1134 | D:2      | Reached skill level 1 in Slings
  1134 | D:2      | Reached skill level 1 in Bows
  1134 | D:2      | Reached skill level 1 in Crossbows
  1134 | D:2      | Reached skill level 1 in Throwing
  1134 | D:2      | Reached skill level 1 in Stealth
  1134 | D:2      | Reached skill level 1 in Shields
  1134 | D:2      | Reached skill level 1 in Unarmed Combat
  1134 | D:2      | Reached skill level 1 in Evocations
  1160 | D:2      | Reached XP level 4. HP: 35/38 MP: 4/11
  1199 | D:2      | Killed Robin
  1470 | D:3      | Learned a level 3 spell: Spectral Weapon
  1474 | D:3      | Learned a level 3 spell: Regeneration
  1477 | D:3      | Learned a level 2 spell: Song of Slaying
  1681 | D:3      | Reached skill level 1 in Conjurations
  1681 | D:3      | Reached skill level 1 in Hexes
  1681 | D:3      | Reached skill level 1 in Summonings
  1681 | D:3      | Reached skill level 1 in Necromancy
  1681 | D:3      | Reached skill level 1 in Translocations
  1681 | D:3      | Reached skill level 1 in Transmutations
  1681 | D:3      | Reached skill level 1 in Fire Magic
  1681 | D:3      | Reached skill level 1 in Ice Magic
  1681 | D:3      | Reached skill level 1 in Air Magic
  1681 | D:3      | Reached skill level 1 in Earth Magic
  1681 | D:3      | Reached skill level 1 in Poison Magic
  1912 | D:3      | Reached XP level 5. HP: 42/43 MP: 9/12
  2733 | D:3      | Reached XP level 6. HP: 47/50 MP: 9/13
  3064 | D:3      | Found a bloodstained altar of Trog.
  3064 | D:3      | Found a faded altar of an unknown god.
  3069 | D:3      | Found an iron altar of Okawaru.
  3071 | D:3      | Found a basalt altar of Yredelemnul.
  3072 | D:3      | Found a faded altar of an unknown god.
  3075 | D:3      | Became a worshipper of Warmaster Okawaru
  3138 | D:4      | Noticed Grinder
  3155 | D:4      | Killed Grinder
  3155 | D:4      | Reached skill level 5 in Fighting
  3155 | D:4      | Reached skill level 5 in Polearms
  3155 | D:4      | Reached skill level 5 in Dodging
  3155 | D:4      | Reached XP level 7. HP: 14/56 MP: 15/15
  3414 | D:4      | Reached * piety under Okawaru
  3445 | D:4      | Noticed Blork the orc
  3473 | D:4      | Killed Blork the orc
  3655 | D:4      | Noticed Sigmund
  3679 | D:4      | Killed Sigmund
  3679 | D:4      | Reached XP level 8. HP: 23/63 MP: 10/16
  4149 | D:5      | Entered Level 5 of the Dungeon
  4581 | D:4      | Reached skill level 6 in Spellcasting
  5116 | D:5      | Reached ** piety under Okawaru
  5262 | D:5      | Identified the +9 hand crossbow of the Lumpy Lovers {venom,
                  | rF+++ Str-3 Int+2 Stlth+}
  5285 | D:5      | Noticed a moth of wrath
  5330 | D:5      | Found a bloodstained altar of Trog.
  5407 | D:5      | Noticed a +0 dagger
  5408 | D:5      | Noticed a +0 hand axe
  5676 | D:5      | Found a hide-covered altar of Uskayaw.
  5892 | D:5      | Found a sacrificial altar of Ru.
  6195 | D:6      | Noticed Prince Ribbit
  6204 | D:6      | Killed Prince Ribbit
  6204 | D:6      | Reached XP level 9. HP: 69/69 MP: 18/18
  6270 | D:6      | Noticed Eustachio
  6285 | D:6      | Killed Eustachio
  6316 | D:6      | Noticed Edmund
  6326 | D:6      | Killed Edmund
  6326 | D:6      | Reached *** piety under Okawaru
  6349 | D:6      | Found a glowing golden altar of the Shining One.
  6481 | D:6      | Reached skill level 5 in Armour
  6619 | D:6      | Found Foatocus's Magic Scroll Boutique.
  6739 | D:6      | Found a shimmering blue altar of Sif Muna.
  6934 | D:6      | Received a gift from Okawaru
  7104 | D:7      | Found a staircase to the Ecumenical Temple.
  7396 | D:7      | Found an opulent altar of Gozag.
  7397 | D:7      | Found a sparkling altar of Nemelex Xobeh.
  7484 | D:7      | Found an ancient bone altar of Kikubaaqudgha.
  7484 | D:7      | Noticed an oklob plant
  7591 | D:7      | Reached skill level 5 in Invocations
  7753 | D:8      | Noticed Gastronok
  7785 | D:7      | Received a gift from Okawaru
  8066 | D:8      | Reached skill level 7 in Spellcasting
  8066 | D:8      | Reached XP level 10. HP: 55/77 MP: 15/20
  8244 | D:8      | Received a gift from Okawaru
  8278 | D:8      | Killed from afar by Gastronok

Levels and vault maps discovered:
D:1:      dpeg_arrival_radiant, layout_rooms
D:2:      layout_loops_ring, grunt_temple_overflow_order_and_chaos_2,
          lemuel_blue_sif_altar, uniq_robin
D:3:      layout_loops_ring, chequers_temple_overflow_minitemple, first_ration,
          minmay_pentangle
D:4:      layout_rooms, uniq_blork_the_orc, uniq_grinder, uniq_sigmund
D:5:      layout_gridville, dancing_weapons_uskayaw, lemuel_doored_altar,
          tgw_trog
D:6:      layout_loops_cross, old_standard_altar, basic_altar, serial_shops,
          nicolae_shop_behind_doors, gup_sewer_entry_bubbles, fountainhead,
          uniq_edmund, uniq_eustachio, uniq_prince_ribbit1
D:7:      layout_gridville, grunt_temple_overflow_opulence,
          minmay_temple_entry_gardened_gates, lemuel_oklob_altar
D:8:      layout_cave_pools, serial_park_tiny_1, uniq_gastronok, uniq_harold

Skill      XL: |  1  2  3  4  5  6  7  8  9 10 |
---------------+-------------------------------+-----
Spellcasting   | 5 6 7 |  7.1
Invocations    | 1 2 3 4 5 |  5.4
Short Blades   | 1 2 3 4 |  4.9
Long Blades    | 1 2 3 4 |  4.9
Axes           | 1 2 3 4 |  4.9
Maces & Flails | 1 2 3 4 |  4.9
Staves         | 1 2 3 4 |  4.9
Slings         | 1 2 3 4 |  4.9
Bows           | 1 2 3 4 |  4.9
Crossbows      | 1 2 3 4 |  4.9
Throwing       | 1 2 3 4 |  4.9
Stealth        | 1 2 3 4 |  4.9
Shields        | 1 2 3 4 |  4.9
Unarmed Combat | 1 2 3 4 |  4.9
Evocations     | 1 2 3 4 |  4.9
Conjurations   | 1 2 3 4 |  4.1
Hexes          | 1 2 3 4 |  4.1
Summonings     | 1 2 3 4 |  4.1
Necromancy     | 1 2 3 4 |  4.1
Translocations | 1 2 3 4 |  4.1
Transmutations | 1 2 3 4 |  4.1
Fire Magic     | 1 2 3 4 |  4.1
Ice Magic      | 1 2 3 4 |  4.1
Air Magic      | 1 2 3 4 |  4.1
Earth Magic    | 1 2 3 4 |  4.1
Poison Magic   | 1 2 3 4 |  4.1
Armour         | 3 4 5 |  5.6
Fighting       | 5 6 |  6.8
Polearms       | 5 6 |  6.8
Dodging        | 5 6 |  6.8
Charms         | 6 |  6.9

Action                   |  1- 3 |  4- 6 |  7- 9 | 10-12 || total
-------------------------+-------+-------+-------+-------++-------
Melee: Spear             |   107 |       |       |       ||   107
       Bite              |     9 |    19 |    73 |     8 ||   109
       Dagger            |    43 |   173 |       |       ||   216
       Whip              |       |    31 |   233 |       ||   264
       Punch             |       |     1 |     9 |     4 ||    14
       Trident           |       |       |   223 |    62 ||   285
 Fire: Hand crossbow     |       |       |    26 |       ||    26
Throw: Dart              |       |    19 |    41 |       ||    60
 Cast: Infusion          |     2 |       |     2 |       ||     4
       Shroud of Golubri |     1 |     2 |     6 |     1 ||    10
       Spectral Weapon   |       |     3 |    12 |     4 ||    19
       Regeneration      |       |       |     1 |       ||     1
Invok: Heroism           |       |       |     1 |     1 ||     2
  Use: Scroll            |       |       |     9 |       ||     9
       Potion            |       |       |       |     1 ||     1
 Stab: Sleeping          |       |     1 |     6 |       ||     7
       Distracted        |       |       |       |     2 ||     2
  Eat: Chunk             |     1 |     6 |    17 |     1 ||    25
Armor: Leather armour    |     7 |    59 |    98 |    10 ||   174
       Ring mail         |    41 |    27 |       |       ||    68
Dodge: Dodged            |    76 |   139 |   302 |    25 ||   542

Table legend:
 A = Non-vault XP
 B = Vault XP
 C = Vault XP percentage of total XP
 D = Non-vault monster count
 E = Vault monster count
 F = Vault count percentage of total count
                 A         B        C        D         E       F
            +---------+---------+-------+---------+---------+-------
      Total |    4102 |    1347 |  24.7 |     172 |      35 |  16.9
            +---------+---------+-------+---------+---------+-------
        D:1 |      28 |       0 |   0.0 |      15 |       0 |   0.0
        D:2 |      50 |      36 |  41.9 |      20 |      13 |  39.4
        D:3 |     268 |      22 |   7.6 |      34 |       6 |  15.0
        D:4 |     578 |     607 |  51.2 |      18 |       3 |  14.3
        D:5 |     663 |      21 |   3.1 |      34 |       5 |  12.8
        D:6 |     958 |     661 |  40.8 |      17 |       8 |  32.0
        D:7 |     529 |       0 |   0.0 |      13 |       0 |   0.0
        D:8 |    1028 |       0 |   0.0 |      21 |       0 |   0.0
            +---------+---------+-------+---------+---------+-------
